 Dungeon Crawl Stone Soup version 0.27-a0-1036-g8e1b44f6bd (webtiles) character file.

Game seed: 15784736816686172144

223 Ge0ff the Magician (level 6, -4/42 HPs)
             Began as a Djinni Ice Elementalist on Apr 18, 2021.
             Killed by divine providence
             ... invoked by an orc priest
              (9 damage)
             ... on level 4 of the Dungeon.
             The game lasted 00:11:01 (4706 turns).

Ge0ff the Magician (Djinni Ice Elementalist)        Turns: 4706, Time: 00:11:01

Health: -4/42      AC:  2    Str:  5 (7)  XL:     6   Next: 0%
Gold:   157        EV: 12    Int: 15 (18) God:
                   SH:  0    Dex: 12 (14)

rFire    + . .     SeeInvis .   a - staff of cold
rCold    + . .     Faith    .   (no shield)
rNeg     . . .     Spirit   .   b - +0 robe
rPois    ∞         Reflect  .   (no helmet)
rElec    .         Harm     .   (no cloak)
rCorr    .         Rampage  .   (no gloves)
Will     .....                  (boots unavailable)
Stlth    ++........             (no amulet)
HPRegen  0.14/turn              g - ring of ice
MPRegen  0.00/turn              (no ring)

@: mighty, freezing walls, flying
A: fire resistance 2, cold vulnerability 1, float, innate caster, hp casting,
extra vitality 1
a: no special abilities


You were on level 4 of the Dungeon.
You visited 1 branch of the dungeon, and saw 4 of its levels.

You collected 157 gold pieces.

Inventory:

Hand Weapons
 o - a +0 dagger
Missiles
 d - 146 stones
 l - 27 bolts
 p - 27 poisoned darts
 s - 2 boomerangs
Armour
 b - a +0 robe (worn)
 e - a +0 scale mail
 i - a +0 buckler
 n - a +0 leather armour
Magical Staves
 a - a staff of cold (weapon)
 h - a staff of poison
Jewellery
 g - a ring of ice (left hand)
Scrolls
 c - 2 scrolls of vulnerability {unknown}
 k - 2 scrolls of identify {unknown}
Potions
 m - a potion of heal wounds {unknown}
 q - a potion of attraction {unknown}
 r - a potion of ambrosia {unknown}
 t - a potion of curing {unknown}


   Skills:
 - Level 1.0 Fighting
 - Level 1.0 Armour
 - Level 3.0 Dodging
 - Level 2.0 Stealth
 + Level 1.3 Shields
 * Level 5.2 Spellcasting


You couldn't memorise any spells.
You knew the following spells:

 Your Spells              Type           Power      Damage    Failure   Level
f - Metabolic Englaciati  Hex/Ice        22%        N/A       45%         5
k - Freeze                Ice            100%       1d11      1%          1
n - Magic Dart            Conj           76%        1d6       1%          1
s - Ozocubu's Armour      Ice            44%        N/A       5%          3
w - Passwall              Tmut/Erth      15%        N/A       2%          2
C - Frozen Ramparts       Ice            88%        1d10      5%          3
E - Hailstorm             Conj/Ice       44%        3d10      19%         4
Your spell library was empty.

Dungeon Overview and Level Annotations

Branches:
Dungeon (4/15)
 Temple: D:4-7

Altars:
Ru
Wu Jian
Xom

Shops:
D:2 [


Innate Abilities, Weirdness & Mutations

You are immune to poison.
Your flesh is very heat resistant. (rF++)
You are vulnerable to cold. (rC-)
You float through the air rather than walking.
You learn spells naturally, not from books.
Your magical power is your life essence.
You have superior vitality. (+4 HP)


Message History

You feel a strong surge of power!
The walls around you are covered in ice.
The wall freezes the hound.
You hit the hound.
The hound is heavily wounded.
The wall freezes the hound.
The hound completely misses you.
The wall freezes the hound.
The hound closely misses you.
You miss the hound.
The hound is almost dead.
The wall freezes the hound!
You kill the hound!
The frozen ramparts melt away.
There is an open door here.
t - a metallic orange potion
There is an open door here.
An orc and 2 orc priests come into view.
The orc priest shouts!
You hear a shout!
The orc priest moves out of view.
An orc comes into view. It is wielding a +0 club.
The orc priest invokes the aid of Beogh against you.
Beogh smites you!
An orc priest comes into view. It is wielding a +0 short sword.
The orc priest calls down the wrath of Beogh upon you.
Beogh smites you!
* * * LOW HITPOINT WARNING * * *
Casting: Frozen Ramparts (dangerous; 4% risk of failure)
Confirm with . or Enter, or press ? or * to list all spells.
Casting: Frozen Ramparts (dangerous; 4% risk of failure)
Press: ? - help, Dir - look around, f - activate You feel a strong surge of power!
The walls around you are covered in ice.
The orc shouts!
* * * LOW HITPOINT WARNING * * *
The wall freezes the orc priest.
The wall freezes the orc!
You kill the orc!
You have reached level 6!
Your experience leads to an increase in your attributes!
Increase (S)trength, (I)ntelligence, or (D)exterity?
You feel clever.
It was a potion of might.
You feel very mighty all of a sudden.
The wall freezes the orc priest.
The orc priest hits you with a +0 hand axe.
* * * LOW HITPOINT WARNING * * *
It was a potion of degeneration.
There was something very wrong with that liquid.
You feel weakened.
You feel dopey.
You feel clumsy.
The orc priest invokes the aid of Beogh against you.
Beogh smites you!
You die...

#.....8....# ##.
#.........# #.
#.......## #.
##..._...# #.
##.#....### #.
##.###.### #.
##.#####.#########.
#.###...........##.
#o@......####......
#.#.#.#..# #......
#)##...#.# #......
#o###.##.# #......
#o# #.##.# #......
#.# # ##.# ######.
#o. .. #. ## ##'
##..


You could see 3 orc priests and an orc.

Vanquished Creatures
  A hound (D:4)
  Jessica (D:2)
  2 orc wizards
  2 adders (D:2)
  A worm (D:3)
  2 dart slugs (D:1)
  9 orcs
  5 bats
  5 endoplasms
  3 giant cockroaches
  6 goblins
  9 hobgoblins
  11 jackals
  6 kobolds
  2 quokkas
  4 ball pythons
  3 frilled lizards
  3 rats
75 creatures vanquished.

Notes
Turn   | Place    | Note
-------+----------+-------------------------------------------
     0 | D:1      | Ge0ff the Djinni Ice Elementalist began the quest for the
                  | Orb.
     0 | D:1      | Reached XP level 1. HP: 15/15 MP: 0/0
   152 | D:1      | Reached skill level 1 in Fighting
   502 | D:1      | Reached XP level 2. HP: 20/22 MP: 0/0
  1083 | D:1      | Reached skill level 4 in Spellcasting
  1199 | D:1      | Reached XP level 3. HP: 25/27 MP: 0/0
  1199 | D:1      | Learned a level 1 spell: Magic Dart
  2247 | D:2      | Noticed Jessica
  2252 | D:2      | Killed Jessica
  2253 | D:2      | Reached XP level 4. HP: 28/32 MP: 0/0
  2613 | D:2      | Found a sacrificial altar of Ru.
  2658 | D:2      | Found Rerilotz's Antique Armour Shop.
  2905 | D:2      | Found a faded altar of an unknown god.
  3685 | D:3      | Reached XP level 5. HP: 34/37 MP: 0/0
  3685 | D:3      | Learned a level 2 spell: Passwall
  4056 | D:3      | Reached skill level 5 in Spellcasting
  4420 | D:4      | Found an ornate altar of the Wu Jian Council.
  4471 | D:4      | Found a shimmering altar of Xom.
  4478 | D:4      | Reached skill level 1 in Armour
  4478 | D:4      | Reached skill level 1 in Shields
  4705 | D:4      | Reached XP level 6. HP: 10/42 MP: 0/0
  4706 | D:4      | Killed from afar by an orc priest

Illustrated notes

Levels and vault maps discovered:
D:1:      lordsloth_arrival_two_stooges, layout_loops_cross
D:2:      layout_loops_corners, basic_altar,
          ebering_ecumenical_altar_sacrificial, serial_shops, shop_statue,
          uniq_jessica
D:3:      layout_loops_ring, st_stairs_2, minmay_misc_feat_columns
D:4:      layout_loops_corners, grunt_temple_overflow_open

Skill      XL: |  1  2  3  4  5 |
---------------+----------------+-----
Fighting       | 1 |  1.0
Stealth        | 2 |  2.0
Spellcasting   | 4 5 |  5.2
Dodging        | 3 |  3.0
Armour         | 1 |  1.0
Shields        | 1 |  1.3

Action                   |  1- 3 |  4- 6 || total
-------------------------+-------+-------++-------
Melee: Dagger            |     3 |       ||     3
       Staff             |       |     6 ||     6
Throw: Stone             |     4 |       ||     4
 Cast: Freeze            |    38 |     7 ||    45
       Magic Dart        |    44 |    44 ||    88
       Frozen Ramparts   |       |    10 ||    10
  Use: Potion            |       |     2 ||     2
 Stab: Sleeping          |     2 |       ||     2
Armor: Robe              |     5 |     1 ||     6
Dodge: Dodged            |    28 |     6 ||    34

Table legend: (Time is in decaauts)
 A = Elapsed time spent in this place.
 B = Non-inter-level travel time spent in this place.
 C = Inter-level travel time spent in this place.
 D = Time resting spent in this place.
 E = Time spent auto-exploring this place.
 F = Levels seen in this place.
 G = Mean time per level.
                   A        B        C        D        E       F      G
               +--------+--------+--------+--------+--------+-----+--------+
         Total |   4706 |   4562 |    144 |    616 |   3295 |   4 | 1176.5 |
       Dungeon |   4706 |   4562 |    144 |    616 |   3295 |   4 | 1176.5 |
               +--------+--------+--------+--------+--------+-----+--------+

Top non-repeatable levels by time:
     D:1: 2079 daAuts
     D:2: 1284 daAuts
     D:3: 965 daAuts
     D:4: 377 daAuts
